[Event "Late-Titled-Tuesday-Blitz-January-23-2024"]
[Site "Chess.com"]
[Date "2024.01.23"]
[Round "2"]
[White "Filipets"]
[Black "Elsa167"]
[Result "1/2-1/2"]
[WhiteElo "2602"]
[BlackElo "2941"]
[TimeControl "180+1"]
[EndTime "14:18:43 PST"]
[Termination "Game drawn by repetition"]

1. c4 Nf6 2. Nf3 g6 3. g3 Bg7 4.
Bg2 O-O 5. O-O d6 6. Nc3 e5 7. d3 Nc6 8. Rb1 a5 9. a3 h6 10. b4 axb4 11. axb4 Be6 12. b5 Ne7 13. Ne1 Rb8 14.
Nc2 Qd7 15. Re1 Bh3 16. Bh1 Ng4 17. f3 Nf6 18. Nb4 c6 19. e4 Nh7 20. Be3 f5 21. Qd2 f4 22. Bf2 h5 23. gxf4 Rxf4 24. Ne2 Rff8 25. Be3 Kh8 26. Bh6 c5 27. Bxg7+ Kxg7 28. Nc2 Qe6 29. Bg2 Rf7 30. Rf1 Rbf8 31. Qe3 Bxg2 32. Kxg2 Qf6 33. Rf2 Ng5 34. Rbf1 Ne6 35. Ne1 g5 36. Kh1 Ng6 37. Ng3 Ngf4 38. Nf5+ Kh7 39.
Nxd6 Rd7 40. Nf5 Nd4 41. Rg1 Nxf5 42. exf5 Nh3 43. Rfg2 Nxg1 44. Rxg5 Rg7 45. Rxg7+ Qxg7 46. Qxg1 Qxg1+ 47. Kxg1 Rxf5 48. Kf2 b6 49. Ng2 Rf6 50. Ne3 Rg6 51. Nd5 Kh6 52. f4 exf4 53. Nxf4 Rd6 54. Ke3 Kg5 55. Nd5 Kg4 56. d4 cxd4+ 57. Kxd4 Kh3 58. c5 bxc5+ 59. Kxc5 Rd8 60. Nf4+ Kg4 61. Nxh5 Kxh5 62. Kc6 Rd2 63. b6 Rc2+ 64. Kd7 Kg6 65. b7 Rb2 66. Kc7 Rc2+ 67. Kd7 Rb2 68. Kc7 Rc2+ 69. Kd7 1/2-1/2

[Event "Late-Titled-Tuesday-Blitz-January-23-2024"]
[Site "Chess.com"]
[Date "2024.01.23"]
[Round "2"]
[White "Josgar05"]
[Black "IgorBjelobrk"]
[Result "0-1"]
[WhiteElo "2318"]
[BlackElo "2626"]
[TimeControl "180+1"]
[EndTime "14:18:43 PST"]
[Termination "IgorBjelobrk won by resignation"]

1. Nf3 c5 2. b3 d6 3. Bb2 e5 4. e4 a6 5. c3 f5 6. exf5 Bxf5 7. d4 cxd4 8. cxd4 e4 9. Nfd2 d5 10. Be2 Nf6 11. O-O Nc6 12. Re1 Bd6 13. Nf1 O-O 14. Ng3 Bg6 15. Nd2 Qb6 16. Ndf1 Bb4 17.
Ne3 Bxe1 18. Qxe1 Kh8 19. h4 h6 20. h5 Bh7 21. Rc1 Rac8 22. Rc5 Bg8 23. Qc3 Rcd8 24. a3 Nd7 25. Ngf5 Nxc5 26. dxc5 d4 27. cxb6 dxc3 28.
Bxc3 Rd7 29. Nxh6 Bxb3 30. Nhg4 Kh7 31. h6 Nd4 32. Kf1 gxh6 33. Ne5 Rdd8 34. Bh5 Rf6 35. N3g4 Rxb6 36. Nf7 Bxf7 37. Bxf7 Rc6 38. Bd2 Kg7 39. Bh5 b5 40. g3 Nf3 41. Bb4 Rd1+ 42. Ke2 Rb1 43. Ke3 Re6 44. Kf4 Rb3 45. Ne3 Nd4 46.
Bg4 Re8 47. Bc5 Ne6+ 48. Bxe6 Rxe6 49. Bd4+ Kf7 50. Nf5 Rxa3 51. Nxh6+ Kg6 52. Ng8 b4 53. g4 a5 54. g5 a4 55. Nf6 Rb3 56. Nxe4 a3 57. Nc5 Rd6 58. Nxb3 Rd5 59. Ke4 Rxg5 60. f4 Rg3 61. Nd2 b3 62. Be3 b2 63. f5+ Kf7 64. Bc5 a2 65. Bd4 b1=Q+ 66. Nxb1 axb1=Q+ 67. Kd5 Qxf5+ 68. Be5 Rg5 0-1

[Event "Late-Titled-Tuesday-Blitz-January-23-2024"]
[Site "Chess.com"]
[Date "2024.01.23"]
[Round "2"]
[White "krzyzan94"]
[Black "Arteler"]
[Result "1-0"]
[WhiteElo "2784"]
[BlackElo "2522"]
[TimeControl "180+1"]
[EndTime "14:18:47 PST"]
[Termination "krzyzan94 won on time"]

1. e4 e6 2. d4 d5 3. Nc3 Bb4 4.
exd5 exd5 5. Bd3 c6 6. Ne2 Ne7 7. O-O Bf5 8. Ng3 Bg6 9. Nce2 O-O 10. Nf4 Nd7 11. Nfh5 Re8 12. Qg4 Nf8 13. f4 f5 14.
Nxf5 Nxf5 15. Bxf5 Bxh5 16. Qxh5 g6 17. Qg4 Qf6 18. Bd3 Qxd4+ 19. Kh1 Re1 20. Rxe1 Bxe1 21. Qe2 Qf2 22. Qxf2 Bxf2 23. Bd2 Re8 24. Rf1 Bd4 25. c3 Bg7 26. f5 gxf5 27. Rxf5 Ne6 28. b4 Rf8 29. h4 h6 30. g4 Rxf5 31. Bxf5 Kf7 32.
Kg2 Bf6 33. Kg3 Be5+ 34. Kf3 Bg7 35. a4 Ke7 36. g5 hxg5 37. hxg5 Nd8 38. Bc8 Nf7 39.
Bxb7 Kd6 40. Kg4 Ne5+ 41. Kf5 Nc4 42. Be1 Kd7 43. Ba6 Nd6+ 44. Kg6 Be5 45. Bd3 Ke6 46. b5 cxb5 47. axb5 Bf4 48. Bf2 Nf7 49. Bf5+ Ke7 50. Bc5+ Ke8 51. Bxa7 Nxg5 52. b6 Nf3 53. b7 Ne5+ 54. Kf6 Nc6 55. Bb6 Bb8 56. Ke6 d4 57. cxd4 Ne7 58. Be4 Ng6 59. Bxg6+ 1-0

[Event "Late-Titled-Tuesday-Blitz-January-23-2024"]
[Site "Chess.com"]
[Date "2024.01.23"]
[Round "2"]
[White "Oleksandr_Bortnyk"]
[Black "CaspiIsrael"]
[Result "1-0"]
[WhiteElo "3074"]
[BlackElo "2666"]
[TimeControl "180+1"]
[EndTime "14:18:50 PST"]
[Termination "Oleksandr_Bortnyk won by resignation"]

1. e4 e5 2. Nf3 Nf6 3. Nxe5 d6 4. Nf3 Nxe4 5. Nc3 Nxc3 6. dxc3 Be7 7. Be3 O-O 8. Qd2 Nd7 9. O-O-O c6 10. h4 d5 11.
Bd3 Re8 12. Ng5 h6 13. Bh7+ Kf8 14. Bd3 Bc5 15. Bf4 Nf6 16. Nh7+ Nxh7 17. Bxh7 Qf6 18. Kb1 Bf5 19. Bxf5 Qxf5 20. f3 Qf6 21. g4 Bd6 22.
Bxd6+ Qxd6 23. c4 Re5 24. f4 Re4 25. cxd5 Qxd5 26. Qf2 Qc4 27. b3 Rxf4 28. Qd2 Qb4 29. Qd7 Re8 30. g5 Rxh4 31. a3 Qg4 32. Qd6+ Kg8 33.
Rhg1 Qf4 34. Qd7 Rf8 35. gxh6 Qxh6 36. Qxb7 a5 37. a4 Rh2 38. Qb6 Rh5 39. Qc7 Kh7 40. Qe7 Kg8 41. Rge1 g6 42. Qc7 Rh2 43. Qxc6 Qh3 44. Rg1 Rc8 45. Rxg6+ fxg6 46. Qxg6+ Kh8 47. Qf6+ Kh7 48. Qf7+ Kh8 49. Qf6+ Kh7 50. Qe7+ Kh8 51. Qe5+ Kh7 52. Qe4+ Kh6 53. Rg1 Rg2 54. Qxg2 Qxg2 55. Rxg2 Rc5 56. Kb2 Kh5 57. c3 Kh6 58. b4 Re5 59. Kb3 Re1 60. bxa5 Rb1+ 61. Kc4 Ra1 62. Kb4 Rb1+ 63. Kc5 Ra1 64. Rg4 Rc1 65. Rc4 Kg5 66. a6 Re1 67. a7 Re8 68. Kb6 Re6+ 69. Rc6 1-0

[Event "Late-Titled-Tuesday-Blitz-January-23-2024"]
[Site "Chess.com"]
[Date "2024.01.23"]
[Round "2"]
[White "otrov-11"]
[Black "Viktor_Poddubnyi"]
[Result "0-1"]
[WhiteElo "2487"]
[BlackElo "2265"]
[TimeControl "180+1"]
[EndTime "14:18:51 PST"]
[Termination "Viktor_Poddubnyi won by resignation"]

1. d4 g6 2. g3 Bg7 3. Bg2 Nf6 4. e4 d6 5. Nc3 Nbd7 6. Nge2 c5 7. h3 cxd4 8. Nxd4 O-O 9. Be3 a6 10. Qd2 Qc7 11. Bh6 Ne5 12. Bxg7 Kxg7 13. O-O Nc4 14. Qc1 e5 15. Nde2 b5 16. a3 Bb7 17. Rd1 Rac8 18. b3 Nb6 19. Qb2 Rfd8 20. Rac1 d5 21. Nxd5 Nbxd5 22. exd5 Bxd5 23. Bxd5 Nxd5 24. c4 bxc4 25.
bxc4 Ne7 26. Re1 Kg8 27. c5 Nc6 28. h4 h5 29. Kh2 e4 30. Nf4 Ne5 31. Red1 Nd3 32.
Nxd3 exd3 33. Qc3 Qd7 34. Rd2 Rc6 35. Rcd1 Qe7 36. Rxd3 Rxd3 37. Qxd3 Rxc5 38. Qxa6 Rc2 39. Qa8+ Kg7 40. Qf3 Qf6 41. Rd3 Rxf2+ 42. Qg2 Rxg2+ 43.
Kxg2 Qb2+ 44. Kf3 Qc2 45. Re3 Qc6+ 46. Kf2 f6 47. Rd3 Qb6+ 48. Re3 Qc5 49. Kf3 Qd5+ 50. Ke2 g5 51. Rd3 Qb5 52. hxg5 fxg5 53. Kd2 Qb2+ 54. Ke3 Qc1+ 55. Ke4 Qe1+ 56. Kf5 Qb1 57. Ke4 h4 58.
gxh4 gxh4 59. Kd4 Qg1+ 60. Ke4 Qg4+ 61. Kd5 h3 62. Rd4 Qg2+ 63. Kc5 h2 64. Rd7+ Kf6 65. Rd6+ Ke7 66. Rd3 h1=Q 67. Re3+ Kd7 68. Rd3+ Kc7 69. a4 Qc6+ 70. Kb4 Qb1+ 71. Rb3 Qb6+ 72. Kc4 Q6xb3+ 73. Kd4 Q1d3+ 0-1

[Event "Late-Titled-Tuesday-Blitz-January-23-2024"]
[Site "Chess.com"]
[Date "2024.01.23"]
[Round "2"]
[White "Thjop"]
[Black "Njal28"]
[Result "0-1"]
[WhiteElo "2640"]
[BlackElo "3040"]
[TimeControl "180+1"]
[EndTime "14:18:52 PST"]
[Termination "Njal28 won by resignation"]

1. e4 e5 2. Nf3 Nc6 3. Bb5 a6 4. Ba4 d6 5. d3 Bd7 6. O-O Nge7 7. c4 Ng6 8. Nc3 Be7 9. d4 O-O 10. Be3 Bg4 11. Bxc6 bxc6 12. h3 Be6 13. b3 Qc8 14. Kh2 f5 15. exf5 Bxf5 16. dxe5 dxe5 17. Nd2 Qe6 18.
Nde4 Rad8 19. Qe2 Nf4 20. Bxf4 exf4 21. Rad1 Qe5 22. f3 Bb4 23. Rxd8 Rxd8 24. Rd1 Re8 25. Qd3 h6 26. Qd4 Qe7 27. c5 Bxc3 28. Nxc3 Qh4 29. Kg1 Bxh3 30. gxh3 Qg3+ 31. Kf1 Qxf3+ 32. Kg1 Qg3+ 33.
Kf1 Qxh3+ 34. Kg1 Qg3+ 35. Kf1 f3 36. Qg1 Qe5 37. Qd4 Qh5 38. Kf2 Rf8 39. Rg1 Qh2+ 40. Kf1 Rf7 41. Qf2 Qh3+ 42. Ke1 Qf5 43. Kd2 Rd7+ 44.
Kc1 Qd3 45. Nd1 Re7 46. Qc2 Qd4 47. Rf1 Qa1+ 48. Qb1 Qf6 49. Qc2 Re2 50. Qc3 Qf4+ 51.
Kb1 Qe4+ 52. Kc1 Rxa2 53. Rxf3 Ra1+ 54. Qxa1 Qxf3 55. Qd4 Qxb3 56. Qc3 Qxc3+ 57. Nxc3 h5 58. Kd2 h4 59. Ke3 g5 60. Kf3 a5 61. Kg4 Kg7 62.
Na4 Kf6 63. Nb2 Ke6 64. Nc4 a4 65. Nb2 a3 66. Nd1 a2 67. Ne3 a1=Q 68. Nf5 Qg1+ 0-1

[Event "Late-Titled-Tuesday-Blitz-January-23-2024"]
[Site "Chess.com"]
[Date "2024.01.23"]
[Round "2"]
[White "DefiantChair"]
[Black "IngOscarArdila"]
[Result "1-0"]
[WhiteElo "2594"]
[BlackElo "2383"]
[TimeControl "180+1"]
[EndTime "14:18:56 PST"]
[Termination "DefiantChair won on time"]

1. e4 e5 2. Nf3 Nf6 3. d4 Nxe4 4. Bd3 d5 5. Nxe5 Nd7 6. Nxd7 Bxd7 7. O-O Be7 8. Nc3 Nf6 9. Bf4 O-O 10. Re1 c6 11. Qf3 Re8 12. Ne2 Bg4 13. Qg3 Qd7 14. h3 Bf5 15. Be5 Bg6 16. Bxf6 Bxf6 17. c3 Re7 18. Nf4 Rae8 19. Rxe7 Qxe7 20. Bxg6 hxg6 21. Nd3 Qd7 22. Re1 Rxe1+ 23. Nxe1 Qe6 24. Qe3 Qd7 25.
Nd3 b6 26. Kh2 g5 27. g3 g6 28. Qf3 Kg7 29. Qg4 Qc7 30. Qf3 Qe7 31. Kg2 a5 32. Qe3 Qd7 33. b3 Qc8 34. g4 Qd7 35. Kf1 Qc8 36. Ke2 Qa6 37. Kd2 a4 38. b4 Qc4 39.
Nc1 Qf1 40. Kc2 Qh1 41. Kb2 Qg2 42. Ka3 Qf1 43. Kxa4 Qc4 44. Ka3 c5 45. bxc5 bxc5 46. Nb3 cxd4 47. cxd4 Qa6+ 48. Kb2 Qc4 49. Qd2 Qf1 50. a4 Qxh3 51. a5 Qxg4 52. a6 Qc8 53.
Qa5 g4 54. a7 Qa8 55. Qb6 g3 56. fxg3 Qe8 57. Qa6 Qa8 58. Ka2 Bg5 59. Nc5 Bf6 60. Qb7 Qe8 61. a8=Q Qe2+ 62. Qb2 Qc4+ 63. Nb3 1-0

[Event "Late-Titled-Tuesday-Blitz-January-23-2024"]
[Site "Chess.com"]
[Date "2024.01.23"]
[Round "2"]
[White "rasmussvane"]
[Black "Alexei_Gubajdullin"]
[Result "1-0"]
[WhiteElo "2980"]
[BlackElo "2599"]
[TimeControl "180+1"]
[EndTime "14:18:57 PST"]
[Termination "rasmussvane won by resignation"]

1. Nf3 Nf6 2. g3 g6 3. Bg2 Bg7 4. O-O O-O 5. d4 d6 6. Re1 Nbd7 7. e4 e5 8. Nc3 Re8 9. a4 a5 10. Be3 b6 11. dxe5 dxe5 12. Nd2 Bb7 13. Nc4 Qe7 14. Nd5 Nxd5 15. exd5 Nf6 16. d6 cxd6 17. Bxb7 Qxb7 18. Nxd6 Qc6 19. Nxe8 Rxe8 20. Qd3 e4 21. Qb5 Qc8 22. Rad1 Ng4 23. Bxb6 Ne5 24. Rxe4 Bf6 25. Rxe5 Rxe5 26.
Qxe5 Bxe5 27. Rd8+ Qxd8 28. Bxd8 Bxb2 29. Bxa5 Kf8 30.
Kf1 Ke8 31. Ke2 Kd7 32. Kd3 Kc6 33. Bb4 h5 34. h3 f5 35. f3 Be5 36. g4 hxg4 37.
hxg4 fxg4 38. fxg4 Bc7 39. Kc4 Bb8 40. Kd4 Bc7 41. c4 Bb8 42. Bd2 Bc7 43. Be3 Bb8 44. Ke4 Bc7 45. Bd4 Kb7 46. Kd5 Ka6 47. Bc3 Kb7 48.
Ke6 Kc6 49. Bd4 Bd8 50. Kf7 g5 51. Ke6 Ba5 52. Kf5 Bd2 53. Bf2 Kd6 54. Bd4 Kc6 55.
Bf6 Kc5 56. Bxg5 Be1 57. Bd8 Kxc4 58. g5 Bd2 59. g6 Bh6 60. Bg5 Bf8 61. Ke6 Bg7 62.
Kf7 Bd4 63. Bf6 Bc5 64. g7 Kb4 65. g8=Q Kxa4 66. Qe8+ Kb3 67. Qe4 Bb4 68. Ke6 Bc5 69. Kd5 Bb4 70. Qc4+ Ka3 71. Bb2+ Ka4 72. Bc3 1-0

[Event "Late-Titled-Tuesday-Blitz-January-23-2024"]
[Site "Chess.com"]
[Date "2024.01.23"]
[Round "2"]
[White "Yurovskykh_Oleksandr"]
[Black "Angry_Twin"]
[Result "1-0"]
[WhiteElo "2619"]
[BlackElo "2988"]
[TimeControl "180+1"]
[EndTime "14:19:01 PST"]
[Termination "Yurovskykh_Oleksandr won by resignation"]

1. d4 Nf6 2. Nf3 d5 3. c3 Bf5 4. Qb3 Qc8 5. Bg5 e6 6. Bxf6 gxf6 7. e3 Be7 8. c4 c6 9. Nc3 Bg6 10. Rc1 Qd7 11. Be2 O-O 12. O-O Bd6 13. g3 Kg7 14.
Nh4 Be7 15. Rfe1 f5 16. Ng2 Bd6 17. a3 f6 18. Nf4 Bf7 19. Qc2 Bxf4 20. exf4 Rc8 21.
c5 Qc7 22. b4 Nd7 23. Rb1 Nf8 24. Rb3 Ng6 25. Bd3 Re8 26. Ne2 e5 27. Bxf5 exf4 28.
Qd2 fxg3 29. hxg3 Re7 30. Bxg6 hxg6 31. Nf4 g5 32. Ng2 Rae8 33. Rbe3 Bg6 34. Rxe7+ Rxe7 35. Rxe7+ Qxe7 36. Qe3 Qd7 37. f3 Kf7 38. g4 Qc7 39. Kf2 Qh2 40. Qe1 Bd3 41. Qd2 Bc4 42. Qe1 b6 43. Qg1 Qh7 44. Qd1 b5 45. Kg1 Qh3 46. Kf2 f5 47. gxf5 Qxf5 48. Ne3 Qf4 49. Ng4 Kg7 50. Kg2 Qf5 51. Qd2 Kg6 52. Kg3 Kg7 53.
Qe3 Kf8 54. Qe5 Qb1 55. Qd6+ Kg8 56. Qd8+ Kh7 57. Qe7+ Kh8 58. Qf6+ Kh7 59. Qh6+ Kg8 60. Qxg5+ Kf7 61. Ne5+ Ke6 62. Qg6+ Qxg6+ 63. Nxg6 Kf5 64. Ne7+ Ke6 65. Nxc6 a6 66. Kf4 a5 67. Nxa5 Bd3 68. Nc6 Bg6 69. Ne5 Be8 70. Kg5 Ke7 71. f4 Ke6 72. f5+ Ke7 73. f6+ Ke6 74. f7 Bxf7 75.
Nxf7 Kxf7 76. Kf5 Ke7 77. Ke5 Kd7 78. Kxd5 1-0

[Event "Late-Titled-Tuesday-Blitz-January-23-2024"]
[Site "Chess.com"]
[Date "2024.01.23"]
[Round "2"]
[White "Ali_rastbod"]
[Black "mjelcic"]
[Result "1/2-1/2"]
[WhiteElo "2698"]
[BlackElo "2221"]
[TimeControl "180+1"]
[EndTime "14:19:01 PST"]
[Termination "Game drawn by repetition"]

1. e4 c5 2. Nf3 g6 3. c3 d5 4. e5 Nc6 5. Bb5 Bg4 6. O-O Nh6 7. d4 cxd4 8. cxd4 Bg7 9. h3 Bxf3 10. Bxc6+ bxc6 11. Qxf3 Nf5 12. Qd3 Qb6 13. Rd1 e6 14. b3 O-O 15. Ba3 Rfc8 16. Bc5 Qb5 17. Nc3 Qxd3 18.
Rxd3 Bf8 19. Na4 Bxc5 20. Nxc5 Kg7 21. Rc1 a5 22. g4 Ne7 23. f4 Rab8 24. Kf2 Rb4 25. Ke3 Rb5 26. Rdc3 Rc7 27. Nd3 Rc8 28. Rc5 Rxc5 29. Rxc5 Ra8 30. Nb2 Kf8 31. Na4 Ke8 32.
Rc1 Rb8 33. Kd3 Rb4 34. Rc5 Rb5 35. Kc3 Kd8 36. Kb2 Kc7 37. Ka3 Nc8 38. Rc1 Rb4 39.
Rd1 Nb6 40. Nc5 Rb5 41. Kb2 Nd7 42. Nd3 a4 43. b4 Nb6 44. Kc3 Nc4 45. f5 gxf5 46.
gxf5 Ne3 47. Rg1 Nxf5 48. Nc5 Kb6 49. Rg8 Nxd4 50. Nxa4+ Kc7 51. Rg7 Ne2+ 52. Kb3 Nd4+ 53.
Kc3 Ne2+ 54. Kd2 Rxb4 55. Rxf7+ Kd8 56. Nc5 Nd4 57. Rd7+ Ke8 58. Rxh7 Kf8 59. a3 Rc4 60. Nd7+ Kg8 61. Nf6+ Kf8 62. Kd1 Nf3 63. Nd7+ Kg8 64. Nf6+ Kf8 65. Rh8+ Kf7 66. Rh7+ Kf8 1/2-1/2

[Event "Late-Titled-Tuesday-Blitz-January-23-2024"]
[Site "Chess.com"]
[Date "2024.01.23"]
[Round "2"]
[White "Ajedrecista3000"]
[Black "finec2"]
[Result "1-0"]
[WhiteElo "2577"]
[BlackElo "2201"]
[TimeControl "180+1"]
[EndTime "14:19:02 PST"]
[Termination "Ajedrecista3000 won on time"]

1. c4 Nf6 2. g3 g6 3. Bg2 Bg7 4. Nc3 O-O 5. d4 d6 6. Nf3 c5 7. O-O Nc6 8. dxc5 dxc5 9. Bf4 Be6 10. Qa4 Qa5 11. Qxa5 Nxa5 12. b3 b6 13. Ng5 Rad8 14. Nxe6 fxe6 15. Rad1 Nh5 16. Nb5 Nxf4 17. gxf4 e5 18.
fxe5 Bxe5 19. Nxa7 Bd4 20. e3 Be5 21. Nb5 Kg7 22.
Be4 e6 23. Kg2 Kf7 24. h4 Ke7 25. f4 Bb8 26. Nc3 Rd7 27. Rxd7+ Kxd7 28. Kg3 Ke7 29. Kg4 Rd8 30. Rd1 Rxd1 31. Nxd1 Kf6 32. h5 gxh5+ 33.
Kxh5 Kg7 34. Nf2 Bc7 35. Ng4 Bd6 36. Nh2 Bc7 37. Nf3 h6 38. Nh2 Bd8 39. Ng4 Be7 40.
Nxh6 Bf6 41. Ng4 Bc3 42. Ne5 Bd2 43. Ng4 Kf7 44. Kh4 Ke7 45. Kg3 Kd6 46. Kf3 Nc6 47. Bxc6 Kxc6 48. Ke2 Bc1 49. Kd3 Kd6 50. Ne5 Ke7 51.
Nc6+ Kd6 52. Ne5 Ke7 53. Nf3 Kd6 54. Nd2 Bb2 55. Ne4+ Ke7 56. Nc3 Bc1 57. Na4 e5 58.
fxe5 Ke6 59. Nxb6 Kxe5 60. Nd5 Kd6 61. a4 Ba3 62. a5 Kc6 63. a6 Bc1 64. e4 Bg5 65. e5 Bh4 66. e6 1-0

[Event "Late-Titled-Tuesday-Blitz-January-23-2024"]
[Site "Chess.com"]
[Date "2024.01.23"]
[Round "2"]
[White "VladimirKramnik"]
[Black "DraningWaterHi"]
[Result "1/2-1/2"]
[WhiteElo "2939"]
[BlackElo "2192"]
[TimeControl "180+1"]
[EndTime "14:19:03 PST"]
[Termination "Game drawn - insufficient material"]

1. e4 c5 2. Nf3 d6 3. c3 Nf6 4. g3 Nc6 5. d3 g6 6. Bg2 Bg7 7. O-O O-O 8. Re1 Rb8 9. a4 a6 10. h3 b5 11. axb5 axb5 12. d4 Bd7 13. dxc5 dxc5 14. Bf4 Rc8 15. e5 Nh5 16. Bg5 f6 17. Be3 Nxe5 18. Nxe5 fxe5 19. Nd2 c4 20. Ra7 Nf6 21.
Ne4 Bf5 22. Nc5 h5 23. Qxd8 Rfxd8 24. Rb7 Nd5 25. Rxb5 Nxe3 26. fxe3 Bd3 27. Ne6 Rd6 28. Nxg7 Kxg7 29. Rxe5 Kf6 30. Rb5 Rdd8 31. g4 hxg4 32. hxg4 Rb8 33. g5+ Kg7 34. Re5 Rd7 35. Ra1 Rxb2 36. Ra8 Rb1+ 37. Kh2 Rb2 38. Kg3 Rb6 39. Bd5 Rxd5 40. Rxd5 Be4 41. Rad8 Bxd5 42. Rxd5 Rc6 43. Kf4 Kf7 44. Ke5 Re6+ 45. Kd4 Kg7 46. e4 Kf7 47. Rc5 Rd6+ 48. Kxc4 Rd1 49. Rd5 Re1 50. Kd4 Ke6 51. c4 Rd1+ 52. Ke3 Re1+ 53. Kd3 Rd1+ 54. Kc3 Rc1+ 55. Kd4 Rd1+ 56. Kc5 Re1 57. Rd4 Ke5 58. Rd7 e6 59. Rg7 Rxe4 60. Rxg6 Kf5 61. Rg8 Re1 62. Kd6 e5 63. c5 e4 64. g6 e3 65. g7 Kg6 66. Kc7 Rc1 67. c6 Kf7 68.
Rf8+ Kxg7 69. Re8 Rc3 70. Kd7 Kf6 71. Re6+ Kf5 72. Re8 Kf4 73. c7 Rxc7+ 74. Kxc7 Kf3 75. Rxe3+ Kxe3 1/2-1/2

[Event "Late-Titled-Tuesday-Blitz-January-23-2024"]
[Site "Chess.com"]
[Date "2024.01.23"]
[Round "2"]
[White "ATM622"]
[Black "RamyresCoelho"]
[Result "0-1"]
[WhiteElo "2482"]
[BlackElo "2260"]
[TimeControl "180+1"]
[EndTime "14:19:07 PST"]
[Termination "RamyresCoelho won by checkmate"]

1. d4 Nf6 2. c4 g6 3. g3 Bg7 4. Bg2 d6 5. Nf3 O-O 6. O-O Nc6 7. Nc3 e5 8. dxe5 Nxe5 9. Nxe5 dxe5 10. Qxd8 Rxd8 11. Bg5 Be6 12. b3 c6 13. Rad1 h6 14. Bc1 Bf8 15. Bb2 Be7 16. h3 Rxd1 17. Rxd1 Rd8 18. Rxd8+ Bxd8 19. Na4 Bc7 20. Nc5 Bc8 21. Nd3 Nd7 22. h4 h5 23. Bh3 f6 24. Be6+ Kg7 25. c5 Kf8 26. f4 exf4 27. Nxf4 Bxf4 28. gxf4 Ke7 29. f5 g5 30. hxg5 fxg5 31. e4 b6 32. b4 Bb7 33. Bc1 g4 34. Bg5+ Ke8 35. f6 Ne5 36. Bf4 Nf7 37. Bb8 bxc5 38. bxc5 Ba6 39. Bf5 Bc4 40. e5 Ng5 41. Bxa7 Nf3+ 42. Kf2 Nxe5 43.
Bb8 Nd3+ 44. Ke3 Nxc5 45. Kd4 Be6 46. Bg6+ Bf7 47. Bxf7+ Kxf7 48. Kxc5 Kxf6 49. a4 h4 50. a5 g3 51. Bc7 Kf5 52. Bd8 Kg4 53. Bxh4 Kxh4 54.
a6 g2 55. a7 g1=Q+ 56. Kd6 Qxa7 57. Kxc6 Qh7 58. Kd6 Kg5 59. Ke5 Qg6 60. Kd5 Qf6 61. Ke4 Qf5+ 62. Kd4 Qf4+ 63. Kd5 Kf5 64. Kc6 Qe5 65. Kd7 Qe6+ 66. Kc7 Kf6 67. Kd8 Qe7+ 68. Kc8 Qa7 69. Kd8 Ke6 70. Kc8 Kd6 71. Kd8 Qd7# 0-1

[Event "Late-Titled-Tuesday-Blitz-January-23-2024"]
[Site "Chess.com"]
[Date "2024.01.23"]
[Round "2"]
[White "stoleriu"]
[Black "alexrustemov"]
[Result "1/2-1/2"]
[WhiteElo "2572"]
[BlackElo "2861"]
[TimeControl "180+1"]
[EndTime "14:19:13 PST"]
[Termination "Game drawn by stalemate"]

1. e4 e6 2. d4 d5 3. exd5 exd5 4. Nf3 Nc6 5. Bb5 Bd6 6. O-O Ne7 7. c4 dxc4 8. d5 a6 9. Ba4 b5 10. dxc6 bxa4 11.
Nbd2 c3 12. Nc4 Be6 13. Qxa4 O-O 14. Rd1 Bd5 15. Nxd6 Qxd6 16. bxc3 Qxc6 17. Qxc6 Bxc6 18. Ne5 Rfd8 19. Ba3 Rxd1+ 20. Rxd1 Ba4 21. Rd4 Nc6 22. Nxc6 Bxc6 23. Rc4 Bd5 24. Rxc7 Bxa2 25. c4 a5 26. c5 h6 27. Kf1 Re8 28. g3 Bc4+ 29. Kg2 Bd5+ 30.
Kh3 Re2 31. Rc8+ Kh7 32. Rd8 Be4 33. Rd4 Bf3 34. Rf4 Rxf2 35. c6 Bg2+ 36. Kg4 Rxf4+ 37. Kxf4 Bxc6 38. Ke5 Kg6 39. Kf4 a4 40. Bb2 f6 41. h4 Kf7 42. Ba3 Bb5 43. Bb4 Be2 44. Ke3 Bd1 45. Kf4 g5+ 46. hxg5 hxg5+ 47. Ke3 Ke6 48. Kd2 Bb3 49. Ke3 Bc2 50. Kd2 Bg6 51.
Ke3 Be8 52. Kf2 Bd7 53. Ke3 Kd5 54. Be7 Ke5 55. Kd3 Ke6 56. Bb4 Kf5 57. Ke3 Kg4 58.
Kf2 Bc6 59. Be7 Kf5 60. Ke3 Ke6 61. Bb4 f5 62. Ba3 Kd5 63. Be7 g4 64. Kd3 Bb5+ 65. Kc3 f4 66. gxf4 g3 67. Bh4 g2 68. Bf2 Ke4 69.
Kb4 Bd7 70. Ka3 Kxf4 71. Ba7 Ke4 72. Kb2 Kd3 73. Ka1 Kc3 74. Bb6 Kb3 75. Ba7 Be6 76. Bb6 a3 77. Ba7 a2 78. Bb6 Kc2 79.
Ba7 Kd3 80. Bb6 Ke4 81. Ba7 Kf3 82. Bb6 Ke2 83. Ba7 Kf1 84. Bb6 g1=Q 85. Bxg1 Kxg1 86. Kb2 Kf1 87. Ka1 Ke2 88. Kb2 Kd1 89. Ka1 Kc2 1/2-1/2

[Event "Late-Titled-Tuesday-Blitz-January-23-2024"]
[Site "Chess.com"]
[Date "2024.01.23"]
[Round "2"]
[White "Sargsyan_Shant"]
[Black "Squirlolz"]
[Result "1-0"]
[WhiteElo "2923"]
[BlackElo "2582"]
[TimeControl "180+1"]
[EndTime "14:19:16 PST"]
[Termination "Sargsyan_Shant won on time"]

1. c4 e5 2. g3 d6 3. d4 Be7 4. Bg2 f5 5. Nc3 Nf6 6. dxe5 dxe5 7. Qxd8+ Bxd8 8. Nf3 e4 9. Nd4 c6 10. O-O Na6 11.
Rd1 O-O 12. b3 Bc7 13. Ba3 Rd8 14. e3 Be5 15. h4 Kf7 16. Bh3 g6 17. Kg2 Nc7 18.
Nxc6 Bxc3 19. Nxd8+ Ke8 20. Rac1 Be5 21. Bd6 Bxd6 22.
Rxd6 Ke7 23. Rcd1 Bd7 24. Nxb7 Ne6 25. Na5 Rc8 26. b4 Ba4 27. R1d2 Nd7 28. c5 Ne5 29. a3 Nf3 30. Kh1 Nxc5 31. Bf1 Nd3 32. R6xd3 Rc1 33. Kg2 Ne1+ 34. Kh3 Bb5 35. Nb3 Rb1 36. Rd1 Bxd3 37.
Rxb1 Bxb1 38. Nd4 Bd3 39. Bg2 Kd6 40. g4 Nc2 41. Nxc2 Bxc2 42. gxf5 gxf5 43. Kg3 Ke5 44. Bf1 Bd3 45. Bh3 Be2 46. Bg2 Bd3 47. f4+ exf3 48. Bxf3 h6 49. Bg2 Bc2 50. Bf1 Be4 51. Kf2 f4 52. Be2 Bd5 53. Bd3 fxe3+ 54. Kxe3 Be6 55. Be2 Bd7 56. Bd1 Be6 57. Kd3 Kf4 58. a4 Kg3 59. h5 Kf4 60. Kd4 Kf5 61. Kc5 Ke5 62.
b5 Bd7 63. a5 Kf6 64. Be2 Ke7 65.
Bf3 Kd8 66. b6 axb6+ 67. Kxb6 Be6 68. a6 Kc8 69. a7 1-0

[Event "Late-Titled-Tuesday-Blitz-January-23-2024"]
[Site "Chess.com"]
[Date "2024.01.23"]
[Round "2"]
[White "ArtemDyachuk"]
[Black "ITheOnlyME"]
[Result "1/2-1/2"]
[WhiteElo "2610"]
[BlackElo "2403"]
[TimeControl "180+1"]
[EndTime "14:19:22 PST"]
[Termination "Game drawn by repetition"]

1. e4 c5 2. Nf3 g6 3. c3 d5 4.
exd5 Qxd5 5. d4 Bg7 6. Be3 cxd4 7.
cxd4 Nh6 8. Nc3 Qa5 9. Bc4 O-O 10. O-O Bg4 11. h3 Bxf3 12. Qxf3 Nc6 13. Rad1 Nf5 14. Ne2 Rad8 15. Qe4 Nd6 16. Qd3 Nxc4 17. Qxc4 e6 18. Nc3 Qb4 19. Qxb4 Nxb4 20. d5 Bxc3 21. dxe6 Rxd1 22.
Rxd1 Bf6 23. Bc5 Nxa2 24. Bxf8 Kxf8 25. Rd7 fxe6 26. Rxb7 a5 27. Rb5 a4 28. Ra5 Bxb2 29. Rxa4 Nc1 30. Kf1 Nd3 31. Ra7 Bg7 32. Ke2 Ne5 33.
Rc7 Nf7 34. f4 e5 35. Kf3 exf4 36. Rc8+ Ke7 37. Kxf4 Be5+ 38. Kf3 Kf6 39. Rc6+ Nd6 40. Ra6 h5 41. Ra5 h4 42. Kg4 Bg3 43. Ra6 Ke5 44. Kg5 Nf5 45. Kxg6 Ne3 46. Ra2 Kf4 47. Kh5 Be1 48.
Re2 Bg3 49. Rd2 Nf1 50. Rd4+ Ke3 51. Rxh4 Bxh4 52. Kxh4 Kf4 53. g4 Ng3 54. g5 Nf5+ 55. Kh5 Ke5 56. Kg6 Nh4+ 57. Kh5 Nf5 58. h4 Ke6 59.
Kg4 Ne7 60. Kh5 Kf7 61. Kh6 Kg8 62. g6 Nf5+ 63. Kg5 Nxh4 64. Kxh4 Kg7 65. Kh5 Kg8 66. Kg5 Kg7 67. Kf5 Kg8 68. Kf6 Kf8 69. Ke6 Kg7 70. Kf5 Kg8 71. Kf6 Kf8 72. Kg5 Kg7 73. Kh5 Kg8 74.
Kh6 Kh8 75. Kg5 Kg7 1/2-1/2

[Event "Late-Titled-Tuesday-Blitz-January-23-2024"]
[Site "Chess.com"]
[Date "2024.01.23"]
[Round "2"]
[White "GrotBchess"]
[Black "The_Machine04"]
[Result "0-1"]
[WhiteElo "2309"]
[BlackElo "2715"]
[TimeControl "180+1"]
[EndTime "14:19:24 PST"]
[Termination "The_Machine04 won on time"]

1. e4 d6 2. d4 Nf6 3. Nc3 e5 4. Nf3 Nbd7 5. g4 d5 6. dxe5 Nxe4 7. Qxd5 Nxc3 8. bxc3 c6 9. Qd1 Qa5 10. Qd4 Bc5 11. Qd3 Qb6 12. Qe2 O-O 13. Bg2 Re8 14. O-O Qc7 15. Bf4 Nb6 16. Nd4 Nd5 17. Bxd5 cxd5 18.
Bg3 Qa5 19. Qf3 Be6 20. Nxe6 fxe6 21. Rab1 b6 22. Qd3 Qxa2 23. Ra1 Qc4 24. Qxc4 dxc4 25. Rfd1 a5 26. Kf1 Red8 27. Ke2 g5 28. h4 h6 29.
hxg5 hxg5 30. f4 gxf4 31. Bxf4 Rxd1 32. Rxd1 a4 33. Ra1 a3 34. Be3 Bxe3 35. Kxe3 Kg7 36. Kd4 Ra4 37. Ke4 Kg6 38. Kf4 Ra5 39. Ra2 Kf7 40. Ke4 Kg7 41. Kd4 Ra4 42. Ke4 Kg6 43.
Kf4 Ra5 44. Ke4 Kg5 45. Kf3 Ra8 46. Kg3 Ra7 47. Kf3 Rf7+ 48. Kg3 Rf4 49. Rxa3 Rxg4+ 50. Kf3 Kf5 51. Ra6 Rf4+ 52. Kg3 Re4 53. Rxb6 Re3+ 54.
Kf2 Rxc3 55. Rb2 Kxe5 56. Ke2 Kd4 57. Kd2 Rh3 58. Rb6 Rh2+ 59. Ke1 e5 60. Rd6+ Kc3 61. Re6 Rh5 62. Kd1 Rh1+ 63. Ke2 Rh2+ 64. Ke3 Rh5 65. Rc6 Rh3+ 66. Ke2 Rh2+ 67. Kd1 Rd2+ 68. Ke1 Rxc2 69. Rc5 e4 70. Re5 Kd4 71. Re8 Rh2 72. Rd8+ Ke3 73.
Kd1 c3 74. Kc1 Rd2 0-1